AoeStats
← kekek

Arabia

507894165Analyzed
1v1 RM · 11d ago on Sep 20, 2026· 49m 9s· 2 players
Game mode
Random Map
Map size
Tiny (2 player)
Population
200
Speed
Normal
Resources
Standard
Victory
Conquest
Starting age
Dark Age
Ending age
Imperial Age
RankedLock teamsTeams togetherTeam positionsShared explorationLock speedFull tech treeHidden civsTurbo modeCheats
Victory
Defeat
🇻🇳 Mongols · Vietnam
1061
+16
🇨🇳 Mongols · China
1069
-16
kekek
6:30 Loom
9:32 Feudal Age
9:34 Man-at-Arms
10:03 Double-Bit Axe
13:16 Town Watch
14:23 Horse Collar
16:18 Wheelbarrow
23:58 Castle Age
22:10 Gold Mining
23:37 Scale Mail Armor
23:32 Fletching
24:17 Pikeman
24:59 Squires
25:14 Forging
25:04 Stone Mining
26:25 Stone Shaft Mining
29:04 Ballistics
29:47 Husbandry
31:30 Bloodlines
32:11 Chain Mail Armor
33:25 Bodkin Arrow
38:13 Iron Casting
38:12 Town Patrol
38:45 Thumb Ring
38:49 Heavy Plow
43:24 Imperial Age
43:14 Scale Barding Armor
43:13 Padded Archer Armor
43:31 Cavalier
44:55 Conscription
45:51 Gold Shaft Mining
45:30 Bow Saw
45:18 Light Cavalry
46:58 Elite Mangudai
49:02 Chain Barding Armor
kyleSu5803
7:17 Loom
9:33 Feudal Age
23:23 Castle Age
22:05 Scale Barding Armor
22:15 Double-Bit Axe
23:07 Bloodlines
24:08 Forging
23:43 Horse Collar
24:39 Bow Saw
25:09 Husbandry
25:49 Heavy Plow
28:56 Chain Barding Armor
30:35 Elite Skirmisher
36:10 Fletching
37:28 Wheelbarrow
37:37 Bodkin Arrow
38:33 Thumb Ring
38:58 Hand Cart
40:16 Padded Archer Armor
42:42 Leather Archer Armor
42:14 Light Cavalry
42:20 Light Cavalry
46:28 Imperial Age
45:46 Ballistics
46:04 Iron Casting
Connection lost

Rejoining the realm…

Still unreachable

The connection could not be restored.

Session expired

The server has moved on; the page needs a fresh start.